Replay - Macro #3 - How hard it is to kill a Terran

Build Order

Get SALT Encoding   

  12  0:02  Probe (Chrono Boost)  
  13  0:12  Probe (Chrono Boost)  
  14  0:19  Pylon  
  14  0:23  Probe (Chrono Boost)  
  15  0:38  Gateway, Probe (Chrono Boost)  
  16  0:43  Assimilator  
  16  0:48  Probe (Chrono Boost)  
  17  0:59  Probe (Chrono Boost)  
  18  1:09  Probe (Chrono Boost)  
  19  1:20  Nexus  
  19  1:22  Probe (Chrono Boost)  
  20  1:31  Cybernetics Core  
  20  1:35  Probe (Chrono Boost)  
  21  1:40  Assimilator  
  21  1:45  Probe (Chrono Boost)  
  22  1:54  Pylon  
  22  1:56  Probe (Chrono Boost)  
  23  2:12  Mothership Core (Chrono Boost), Adept  
  22  2:30  Probe (Chrono Boost)  
  22  2:34  Probe (Chrono Boost), Warp Gate  
  24  2:41  Probe (Chrono Boost)  
  25  2:44  Adept  
  25  2:45  Probe (Chrono Boost)  
  28  2:52  Probe (Chrono Boost)  
  28  2:55  Probe (Chrono Boost)  
  29  3:02  Probe (Chrono Boost)  
  30  3:06  Probe (Chrono Boost)  
  30  3:08  Twilight Council  
  32  3:13  Probe (Chrono Boost)  
  32  3:16  Probe (Chrono Boost)  
  33  3:23  Probe (Chrono Boost)  
  34  3:27  Probe (Chrono Boost)  
  34  3:34  Probe (Chrono Boost)  
  36  3:38  Probe (Chrono Boost)  
  37  3:44  Probe (Chrono Boost)  
  37  3:48  Probe (Chrono Boost)  
  38  3:51  Blink (Chrono Boost)  
  38  3:55  Probe (Chrono Boost)  
  39  3:59  Probe (Chrono Boost)  
  40  4:05  Probe (Chrono Boost)  
  40  4:09  Probe (Chrono Boost)  
  42  4:10  Robotics Facility  
  42  4:11  Forge  
  42  4:13  Gateway  
  42  4:16  Probe (Chrono Boost)  
  43  4:18  Probe  
  44  4:25  Pylon  
  44  4:27  Pylon  
  44  4:28  Probe x2  
  46  4:34  Protoss Ground Armor Level 1 (Chrono Boost)  
  46  4:40  Nexus  
  46  4:44  Probe  
  46  4:45  Probe  
  48  4:50  Assimilator  
  48  4:51  Assimilator  
  48  4:57  Probe x2  
  48  4:59  Observer (Chrono Boost), Sentry  
  53  5:07  Gateway  
  53  5:09  Gateway, Probe  
  54  5:14  Gateway  
  54  5:26  Stalker  
  54  5:27  Stalker  
  57  5:37  Probe x2  
  59  5:49  Probe x2  
  61  5:51  Probe  
  66  6:00  Stalker  
  66  6:01  Probe x2  
  66  6:03  Stalker  
  72  6:04  Observer, Probe  
  70  6:13  Probe  
  70  6:18  Adept x3  
  73  6:24  Probe  
  77  6:31  Stalker x2  
  77  6:32  Immortal  
  75  6:40  Stalker  
  75  6:45  Pylon  
  75  6:46  Pylon  
  74  6:53  Stalker x3  
  76  6:57  Probe x2  
  76  7:00  Protoss Ground Armor Level 2 (Chrono Boost)  
  71  7:05  Stalker x2  
  71  7:06  Probe  
  72  7:09  Probe x2  
  70  7:18  Probe  
  70  7:21  Probe x2  
  73  7:24  Sentry  
  73  7:25  Observer, Sentry x2  
  80  7:30  Probe  
  80  7:32  Assimilator  
  80  7:33  Probe x2  
  80  7:34  Assimilator  
  83  7:38  Pylon  
  83  7:42  Probe  
  83  7:43  Observer  
  84  7:44  Forge  
  84  7:45  Pylon, Probe x2  
  84  7:49  Charge (Chrono Boost)  
  87  7:54  Probe  
  87  7:58  Probe  
  90  8:01  Gateway  
  90  8:02  Gateway, Mothership Core  
  90  8:04  Pylon  
  91  8:06  Probe  
  91  8:08  Immortal  
  96  8:13  Protoss Ground Weapons Level 1 (Chrono Boost)  
  96  8:16  Gateway  
  96  8:17  Gateway  
  96  8:23  Templar Archives  
  96  8:33  Nexus  
  96  8:36  Pylon  
  96  8:39  Pylon  
  96  8:43  Probe x2  
  96  8:46  Immortal (Chrono Boost)  
  102  9:06  Zealot x2  
  102  9:07  Zealot x5  
  116  9:12  Pylon  
  116  9:13  Pylon  
  116  9:14  Pylon  
  116  9:16  High Templar  
  116  9:17  High Templar  
  120  9:18  Protoss Ground Armor Level 3  
  120  9:32  Stalker x7  
  134  9:55  Probe x2  
Spawning Tool Build Advisor. Get it on Overwolf

Go to:

Details

  • Created by: PeterLiu
  • Published on: Mar 05, 2016
  • Modified on: Mar 05, 2016
  • Patch: Pre-3.8.0
Show
View Real Time Build Order
Export as new Build Order

Comments (0)

There are no comments. Be the first!

Create an account to comment!